 Dungeon Sprint DCSS version 0.17-a0-1450-g7e755d1 (webtiles) character file.

4596 shklvsk the Corrupter of Planes (level 10, -20/74 HPs)
             Began as a Demonspawn Abyssal Knight on June 30, 2015.
             Was the Champion of Lugonu.
             Killed from afar by Josephine (32 damage)
             ... with a ghostly fireball
             ... in the Dungeon (Sprint IX: "|||||||||||||||||||||||||||||").
             The game lasted 00:06:43 (2616 turns).

shklvsk the Corrupter of Planes (DsAK)              Turns: 2616, Time: 00:06:44

Health: -20/74     AC: 22    Str: 15    XL:     10   Next: 19%
Magic:  20/20      EV:  9    Int: 13    God:    Lugonu [******]
Gold:   14         SH:  0    Dex: 17    Spells: 0 memorised, 9 levels left

rFire  . . .     SeeInvis .     m - +2 dire flail (protect)
rCold  . . .     Clarity  .     p - +1 chain mail
rNeg   . . .     SustAt   .     (no shield)
rPois  .         Gourm    .     (helmet restricted)
rElec  .         Spirit   .     n - +0 cloak
rCorr  .         Warding  .     (no gloves)
rMut   .         NoTele   +     y - +0 pair of boots
MR     .....                    (no amulet)
Stlth  ..........               q - +2 ring of protection
                                b - +3 ring of dexterity

@: slowed, heavily drained, very slow, not resistant to hostile enchantments,
extremely unstealthy
A: antennae 1, demonic guardian 1, spiny 1
a: Bend Space, Banish, Corrupt, Renounce Religion


You were in the Dungeon.
You worshipped Lugonu.
Lugonu was exalted by your worship.
You were hungry.

You visited 1 branch You collected 14 gold pieces.

Inventory:

Hand weapons
 m - a +2 dire flail of protection (weapon)
Armour
 n - a +0 cloak (worn)
 p - a +1 chain mail (worn)
 y - a +0 pair of boots (worn)
Jewellery
 b - a +3 ring of dexterity (left hand)
 q - a +2 ring of protection (right hand)
Magical devices
 l - a wand of fire (7)
Scrolls
 i - 2 scrolls of blinking
 j - 3 scrolls of remove curse
 k - 2 scrolls of amnesia
 t - 2 scrolls of recharging
 u - 2 scrolls of enchant armour
 v - 2 scrolls of enchant weapon
 w - a scroll of fear
Potions
 c - a potion of agility
 d - 6 potions of curing
 e - 6 potions of heal wounds
 f - a potion of haste
 g - 4 potions of magic
 h - a potion of invisibility
 r - a potion of berserk rage
Miscellaneous
 s - a plain deck of summoning
Comestibles
 x - 40 fruits
 z - 12 bread rations
 A - 12 meat rations


   Skills:
 + Level 5.2(3.8) Fighting
 * Level 13.7(11.9) Maces & Flails
 + Level 10.7(9.1) Armour
 + Level 6.6(5.1) Dodging
 + Level 2.7(1.4) Stealth
 - Level 14.1(12.3) Invocations
 * Level 4.8(3.3) Evocations


You had 9 spell levels left.
You didn't know any spells.

Dungeon Overview and Level Annotations

Branches:
Dungeon (1/1)

Altars:
Cheibriados
Dithmenos
Elyvilon
Fedhas
Gozag
Kikubaaqudgha
Makhleb
Nemelex Xobeh
Okawaru
Qazlal
Ru
Sif Muna
Trog
Vehumet
Xom
Yredelemnul
Zin
The Shining One
Beogh
Jiyva
Lugonu

Annotations:
D Josephine


Innate Abilities, Weirdness & Mutations

You have a pair of small antennae on your head.
A weak demonic guardian rushes to your aid.
You are partially covered in sharp spines.


Message History

* * * LOW HITPOINT WARNING * * *
Josephine draws life force from you and is healed!
Drink which item? (? for menu, Esc to quit)
You feel much better.
Josephine is infused with unholy energy.
* * * LOW HITPOINT WARNING * * *
Josephine draws life force from you and is healed!
Josephine is struck by your spines. Josephine hits you but does no damage.
You feel drained.
You swap places.
You are feeling hungry.
Your quasit disappears in a puff of smoke!
You swap places.
Your ufetubus hits Josephine but does no damage.
Your ufetubus hits Josephine.
Josephine hits your ufetubus with a dagger of draining!
Your ufetubus dies!
Josephine points at you and mumbles some strange words.
The ghostly flame explodes!
The ghostly fireball engulfs you!
You die...

▓▓▓▓▓▓▓▓▓
▓...▓...▓
▓.▓.▓.▓.▓
▓@▓.▓.▓.▓
▓.▓.▓.▓.▓
▓@▓'▓.▓'▓
▓W▓.▓.▓.▓
▓.▓.▓.▓.▓
▓.▓[▓.▓.▓
▓.▓[▓.▓.▓
▓.▓[▓.▓.▓
▓.▓[▓.▓.▓


You could see Josephine and a wraith.

Vanquished Creatures
  A death yak (D)
  An elephant (D)
  2 blink frogs (D)
  A shadow (D)
  2 vampire mosquitoes (D)
  2 wraiths (D)
  A yak (D)
  A hippogriff (D)
  2 water moccasins (D)
  3 porcupines (D)
  A phantom (D)
  2 crocodiles (D)
  7 giant frogs (D)
  A hound (D)
  An iguana (D)
  3 worker ants (D)
  An adder (D)
  4 goblins (D)
  A bat (D)
  A jackal skeleton (D)
  A kobold (D)
  A rat (D)
40 creatures vanquished.

Vanquished Creatures (collateral kills)
  A komodo dragon (D)
  A water moccasin (D)
  A sheep (D)
3 creatures vanquished.

Vanquished Creatures (others)
  A gargoyle (D)
  A fire drake (D)
  2 trolls (D)
  A giant leech (D)
  An orc warrior (D)
  An ogre (D)
7 creatures vanquished.

Grand Total: 50 creatures vanquished

Notes
Turn   | Place    | Note
--------------------------------------------------------------
     0 | D        | shklvsk the Demonspawn Abyssal Knight began the quest for the Orb.
     0 | D        | Reached XP level 1. HP: 18/18 MP: 2/2
     9 | D        | Acquired Lugonu's second power
    11 | D        | Reached skill level 1 in Dodging
    19 | D        | Acquired Lugonu's third power
   187 | D        | Noticed a worker ant
   187 | D        | Noticed a worker ant
   198 | D        | Killed a worker ant
   198 | D        | Reached skill level 4 in Maces & Flails
   198 | D        | Gained mutation: A weak demonic guardian rushes to your aid. [demonic ancestry]
   198 | D        | Reached XP level 2. HP: 16/24 MP: 2/4
   198 | D        | Reached XP level 3. HP: 19/29 MP: 2/5
   207 | D        | Killed a worker ant
   207 | D        | Acquired Lugonu's fourth power
   207 | D        | Reached skill level 5 in Maces & Flails
   401 | D        | Found a glowing silver altar of Zin.
   401 | D        | Found a glowing golden altar of the Shining One.
   401 | D        | Found an ancient bone altar of Kikubaaqudgha.
   401 | D        | Found a basalt altar of Yredelemnul.
   401 | D        | Found a shimmering altar of Xom.
   401 | D        | Found a radiant altar of Vehumet.
   402 | D        | Found an iron altar of Okawaru.
   403 | D        | Found a burning altar of Makhleb.
   404 | D        | Found a deep blue altar of Sif Muna.
   405 | D        | Found a bloodstained altar of Trog.
   406 | D        | Found a sparkling altar of Nemelex Xobeh.
   407 | D        | Found a white marble altar of Elyvilon.
   408 | D        | Found a roughly hewn altar of Beogh.
   409 | D        | Found a viscous altar of Jiyva.
   410 | D        | Found a corrupted altar of Lugonu.
   411 | D        | Found a blossoming altar of Fedhas.
   412 | D        | Found a snail-covered altar of Cheibriados.
   413 | D        | Found a shadowy altar of Dithmenos.
   414 | D        | Found a stormy altar of Qazlal.
   415 | D        | Found an opulent altar of Gozag.
   416 | D        | Found a sacrificial altar of Ru.
   468 | D        | Noticed a gargoyle
   468 | D        | Noticed a hound
   468 | D        | Noticed an iguana
   468 | D        | Noticed a worker ant
   468 | D        | Noticed an orc warrior
   468 | D        | Noticed an ogre
   469 | D        | Banished an ogre
   469 | D        | Reached XP level 4. HP: 35/35 MP: 7/7
   529 | D        | Banished an orc warrior
   529 | D        | Reached skill level 6 in Maces & Flails
   529 | D        | Reached skill level 5 in Armour
   529 | D        | Reached XP level 5. HP: 25/41 MP: 5/9
   614 | D        | Killed a worker ant
   614 | D        | Reached skill level 1 in Stealth
   616 | D        | Killed an iguana
   621 | D        | Killed a hound
   621 | D        | Acquired Lugonu's fifth power
   621 | D        | Reached skill level 7 in Maces & Flails
   901 | D        | Banished a gargoyle
   901 | D        | Reached skill level 8 in Maces & Flails
   901 | D        | Gained mutation: You are partially covered in sharp spines. [demonic ancestry]
   901 | D        | Reached XP level 6. HP: 41/47 MP: 6/12
   977 | D        | Noticed a phantom
   977 | D        | Noticed a vampire mosquito
   977 | D        | Noticed a troll
   977 | D        | Noticed a shadow
   977 | D        | Noticed a troll
   979 | D        | Banished a troll
   979 | D        | Reached skill level 9 in Invocations
   985 | D        | Killed a shadow
   985 | D        | Reached skill level 10 in Invocations
   985 | D        | Reached XP level 7. HP: 30/52 MP: 8/15
   986 | D        | Banished a troll
   986 | D        | Reached skill level 5 in Dodging
   986 | D        | Reached skill level 11 in Invocations
   995 | D        | Killed a vampire mosquito
  1003 | D        | Killed a phantom
  1003 | D        | Reached XP level 8. HP: 25/58 MP: 6/16
  1291 | D        | Noticed a crocodile
  1291 | D        | Noticed a giant frog
  1291 | D        | Noticed a porcupine
  1291 | D        | Noticed a hippogriff
  1291 | D        | Noticed a yak
  1291 | D        | Noticed a water moccasin
  1294 | D        | Killed a water moccasin
  1294 | D        | Reached skill level 12 in Invocations
  1297 | D        | Noticed a giant frog
  1300 | D        | Noticed a water moccasin
  1303 | D        | Killed a yak
  1303 | D        | Reached skill level 10 in Maces & Flails
  1308 | D        | Killed a hippogriff
  1310 | D        | Noticed a water moccasin
  1311 | D        | Killed a porcupine
  1314 | D        | Killed a giant frog
  1320 | D        | Killed a crocodile
  1320 | D        | Reached skill level 13 in Invocations
  1327 | D        | Killed a giant frog
  1330 | D        | Killed a water moccasin
  1340 | D        | Killed a water moccasin
  1514 | D        | Noticed an elephant
  1514 | D        | Noticed a giant frog
  1514 | D        | Noticed a porcupine
  1514 | D        | Noticed a komodo dragon
  1514 | D        | Noticed a fire drake
  1515 | D        | Banished a fire drake
  1515 | D        | Gained mutation: You have a pair of small antennae on your head. [demonic ancestry]
  1515 | D        | Reached XP level 9. HP: 63/63 MP: 19/19
  1540 | D        | Noticed a porcupine
  1543 | D        | Noticed a death yak
  1561 | D        | Killed a komodo dragon
  1811 | D        | Killed a porcupine
  1811 | D        | Reached skill level 14 in Invocations
  1815 | D        | Killed a giant frog
  1833 | D        | Killed an elephant
  1833 | D        | Reached skill level 10 in Armour
  1845 | D        | Noticed a crocodile
  1850 | D        | Killed a porcupine
  2145 | D        | Killed a crocodile
  2169 | D        | Killed a death yak
  2285 | D        | Noticed a vampire mosquito
  2285 | D        | Noticed a giant frog
  2285 | D        | Noticed a giant frog
  2285 | D        | Noticed a giant frog
  2285 | D        | Noticed a blink frog
  2285 | D        | Noticed a giant frog
  2287 | D        | Killed a blink frog
  2290 | D        | Noticed a blink frog
  2291 | D        | Killed a giant frog
  2293 | D        | Noticed a giant leech
  2295 | D        | Killed a giant frog
  2306 | D        | Killed a blink frog
  2306 | D        | Reached XP level 10. HP: 55/73 MP: 20/20
  2309 | D        | Killed a giant frog
  2312 | D        | Killed a giant frog
  2320 | D        | Killed a vampire mosquito
  2320 | D        | Reached skill level 5 in Fighting
  2328 | D        | Banished a giant leech
  2561 | D        | Noticed a wraith
  2577 | D        | Killed a wraith
  2580 | D        | Noticed a wraith
  2586 | D        | Noticed a wraith
  2595 | D        | Killed a wraith
  2596 | D        | Noticed Josephine
  2613 | D        | HP: 1/74 [Josephine/vampiric draining (18)]
  2616 | D        | Killed from afar by Josephine

Vault maps used:
D:        linesprint

Action                   |  1- 3 |  4- 6 |  7- 9 | 10-12 || total
-------------------------+-------+-------+-------+-------++-------
Melee: Mace              |    33 |       |       |       ||    33
       Dire flail        |       |    31 |   116 |    55 ||   202
Invok: Banish            |       |     6 |     2 |     1 ||     9
  Use: Potion            |     1 |       |       |     1 ||     2
  Eat: Chunk             |       |     1 |     2 |     1 ||     4
       Bread ration      |       |       |     1 |       ||     1
